woodfighter, neutral female human Healer -------------- |........e...| |..........@a.# |+...........|## ------------- |..>.........|######-`...%.....`| ----- |...........f|# # |.....`.....| |...| ----.-.------- |...-----...| #....| |...|.{.|...| ###|<..| |..`.{.{|`..| # ----- |...|.{.|...| ### +...-----...| # |.....`......######## |`.........`| ------------- woodfighter the Empiric Experience level: 5 Strength: 9 Dexterity: 9 Constitution: 15 Intelligence: 13 Wisdom: 16 Charisma: 17 Health: 0(39) Energy: 16(39) Def: 2 Gold: 0 Moves: 3171 Dungeon seed: 5miOKSNSsm8KwTpw Game ID: woodfighter_1505103692 Your Inventory: Armor e - an uncursed +1 pair of leather gloves (being worn) Spells and supernatural/magical abilities: Name Level Category Fail Memory h - healing 1 healing 0% 85% x - extra healing 3 healing 6% 85% S - stone to flesh 3 healing 23% 85% W - pray for help -- divine ? -- Your skills at the end: Miscellaneous Skills wands [Basic] Weapon Skills knife [Basic] Spellcasting Skills healing spells [Basic] Final Attributes: You were devoutly aligned. You were cold resistant. You were poison resistant. You were very stealthy. You are dead. Vanquished creatures: a giant beetle a brown pudding a dust vortex 2 rock piercers a fog cloud a gray ooze a homunculus 2 iguanas a centipede a jitterbug 4 hobbits 2 acid blobs 2 geckos 5 giant rats 2 yellow molds a green mold a red mold 4 gnomes a gnome zombie 7 jackals 3 foxes a kobold 5 newts a goblin a grid bug 5 lichens 57 creatures vanquished. Voluntary challenges: You did not adorn yourself with jewelry or accessories. You did not cause conflict. You were not invisible. You did not have reflection. You were not displaced. You were an atheist. You used a wielded weapon 159 times, starting on turn 3. You did not apply a unicorn horn. You did not use plumbed fixtures. You did not drink any magical draughts. You were illiterate. You never genocided any monsters. You never polymorphed an object. You never changed form. You used no wishes. You never split a pudding. You never wrote Elbereth's name. You never violated your personal moral code. Dungeon overview: The Dungeons of Doom: levels 1 to 8 Level 1 a fountain a long staircase Level 2 Level 3 a general store stairs to The Gnomish Mines Level 4 some fountains Level 5 a fountain, a sink Level 6 a sink Level 7 a fountain Level 8 <- You were here many fountains The Gnomish Mines: Level 4 stairs to The Dungeons of Doom History has recorded: On T:1 you entered the Dungeons of Doom to retrieve the Amulet of Yendor! On T:31 you reached level 2 of The Dungeons of Doom. On T:482 you reached level 3 of The Dungeons of Doom. On T:594 you advanced to experience level 2. On T:805 you reached level 1 of The Gnomish Mines. On T:1198 you advanced to experience level 3. On T:1202 you reached level 4 of The Dungeons of Doom. On T:1563 you reached level 5 of The Dungeons of Doom. On T:1929 you advanced to experience level 4. On T:2074 you reached level 6 of The Dungeons of Doom. On T:2321 you reached level 7 of The Dungeons of Doom. On T:2444 you advanced to experience level 5. On T:2675 you reached level 8 of The Dungeons of Doom. Score breakdown: Gold: 0 ( 0 points) Experience: 5 levels ( 400 points) Exploration: 8 levels ( 210 points) Discoveries: 1 item ( 50 points) Variety of kills: 26 monsters ( 1300 points) Major goal: (nothing yet) ( 0 points) Survival: died (score multiplied by 3) Total score: 5880 Latest messages: You drop an uncursed stethoscope. You drop an uncursed potion of healing. You drop 2 uncursed potions of extra healing. You cannot drop something you are wearing. You drop a wand of sleep (0:4). You drop 7 blessed eucalyptus leaves. You drop 5 blessed sprigs of wolfsbane. You drop 3 blessed cloves of garlic. You drop 6 uncursed apples. You drop a hooded cloak. You drop 3 lichen corpses. You drop a convex amulet. You drop 3 food rations. You drop a credit card. You drop 2 sprigs of wolfsbane. You drop a uranium wand. You drop a bubbly potion. You drop a potion of full healing. You drop a diamond ring. You drop 4 darts. You drop a scroll called teleport. You drop an engagement ring. You drop an iron ring. You drop a sky blue potion. You drop a potion of hallucination. (2x) The fire ant bites! You die... Final status: Goodbye woodfighter the Healer, killed by a fire ant... You died in The Dungeons of Doom on dungeon level 8 with 5880 points, and 0 pieces of gold, after 3171 moves. You were level 5 with a maximum of 39 hit points when you died.